AoeStats
← Champy

Arabia

510034966Analyzed
1v1 RM · 4d ago on Sep 29, 2026· 43m 24s· 2 players
Game mode
Random Map
Map size
Tiny (2 player)
Population
200
Speed
Normal
Resources
Standard
Victory
Conquest
Starting age
Dark Age
Ending age
Imperial Age
RankedLock teamsTeams togetherTeam positionsShared explorationLock speedFull tech treeHidden civsTurbo modeCheats
Victory
Defeat
🇵🇹 Magyars · Portugal
1159
+11
🇺🇸 Hindustanis · United States
1056
-11
Champy
8:20 Loom
10:42 Feudal Age
11:35 Double-Bit Axe
12:53 Horse Collar
21:03 Castle Age
19:22 Gold Mining
19:42 Fletching
20:59 Padded Archer Armor
22:18 Wheelbarrow
21:58 Bow Saw
22:15 Bloodlines
23:15 Bodkin Arrow
24:20 Ballistics
25:34 Leather Archer Armor
25:28 Husbandry
27:21 Gold Shaft Mining
28:39 Thumb Ring
29:46 Light Cavalry
30:43 Heavy Plow
31:57 Stone Mining
38:51 Imperial Age
36:07 Treadmill Crane
36:42 Scale Barding Armor
36:52 Leather Archer Armor
36:47 Corvinian Army
38:00 Town Watch
39:55 Recurve Bow
39:58 Bracer
41:31 Chain Barding Armor
41:47 Conscription
42:09 Parthian Tactics
42:17 Ring Archer Armor
43:01 Chemistry
saladone
7:38 Loom
9:45 Feudal Age
10:59 Horse Collar
11:07 Double-Bit Axe
16:09 Town Watch
20:46 Castle Age
21:04 Bloodlines
21:37 Forging
22:09 Bow Saw
22:15 Scale Barding Armor
23:48 Wheelbarrow
23:58 Fletching
25:30 Padded Archer Armor
30:10 Elite Skirmisher
33:59 Padded Archer Armor
34:19 Bodkin Arrow
36:51 Hand Cart
36:50 Thumb Ring
37:07 Chain Barding Armor
41:22 Imperial Age
39:47 Leather Archer Armor
40:44 Scale Mail Armor
41:01 Masonry
41:18 Husbandry
42:27 Conscription
41:29 Heavy Camel Rider
Connection lost

Rejoining the realm…

Still unreachable

The connection could not be restored.

Session expired

The server has moved on; the page needs a fresh start.